Map: Troizinia LE

Players

JaySlays

  • Race: Terran Terran
  • Spawn Location: 6:00

Wolf

  • Race: Terran Terran
  • League: Diamond
  • Spawn Location: 5:00

keyz

  • Race: Terran Terran
  • League: Diamond
  • Spawn Location: 3:00

kronos

  • Race: Protoss Protoss
  • Spawn Location: 5:00

XEVIOUS

  • Race: Terran Terran
  • League: Diamond
  • Spawn Location: 9:00

MacGyver

  • Race: Zerg Zerg
  • Spawn Location: 12:00

mhptozz

  • Race: Zerg Zerg
  • League: Diamond
  • Spawn Location: 11:00

jonarlo

  • Race: Zerg Zerg
  • League: Diamond
  • Spawn Location: 11:00

VOD

Have the link to the VOD?

Description

Time

  • Played on: April 21, 2018, 1 a.m.
  • Length: 5:17
Show
View Real Time Build Order
Export as new Build Order

JaySlays Terran 

Build Orders:  

Get SALT Encoding   

  12  0:01  SCV  
  13  0:13  SCV  
  14  0:23  Supply Depot  
  14  0:25  SCV  
  15  0:37  Refinery  
  15  0:45  SCV  
  15  0:47  Barracks  
  16  0:59  SCV  
  18  1:11  SCV  
  18  1:23  SCV  
  19  1:32  Supply Depot  
  19  1:36  Orbital Command  
  19  1:41  Barracks Reactor  
  19  1:45  Barracks  
  19  1:51  Refinery  
  19  2:02  SCV  
  20  2:15  SCV  
  21  2:27  SCV  
  21  2:28  Command Center  
  22  2:32  Marine  
  22  2:34  Marine  
  24  2:44  Barracks Tech Lab  
  24  2:46  Supply Depot  
  24  2:47  SCV  
  25  2:54  Marine x2  
  27  3:01  SCV  
  28  3:06  Marine  
  28  3:12  Marine  
  30  3:13  SCV  
  30  3:17  Marine  
  32  3:25  SCV  
  33  3:29  Marine  
  33  3:30  Marine  
  35  3:47  Marine x2  
  37  3:52  SCV  
  39  3:57  Orbital Command  
  39  3:59  Marine  
  39  4:04  SCV  
  39  4:05  Marine  
  39  4:09  Factory  
  41  4:14  Engineering Bay  
  41  4:16  SCV  
Show
View Real Time Build Order
Export as new Build Order

Wolf Terran 

Build Orders:  

Get SALT Encoding   

  12  0:01  SCV  
  13  0:13  SCV  
  14  0:18  Supply Depot  
  14  0:25  SCV  
  15  0:39  SCV  
  15  0:41  Barracks  
  16  0:45  Refinery  
  16  0:51  SCV  
  17  1:04  SCV  
  18  1:16  SCV  
  19  1:33  Orbital Command  
  19  1:42  Command Center  
  19  1:44  Marine  
  20  1:57  Factory  
  20  2:00  SCV  
  21  2:09  Refinery  
  21  2:11  Barracks Reactor  
  21  2:19  SCV  
  21  2:21  Supply Depot  
  22  2:32  SCV  
  23  2:44  SCV  
  23  2:51  Factory  
  23  2:55  Orbital Command  
  23  2:56  SCV  
  24  3:01  Barracks Reactor  
  24  3:02  Hellion  
  24  3:04  Hellion  
  28  3:08  SCV  
  14  3:49  SCV  
  14  3:54  SCV  
  16  4:01  Hellion x2, SCV  
  21  4:06  SCV  
  22  4:13  SCV  
  16  4:41  Cyclone x2  
  24  4:45  Hellion  
  24  4:46  Hellion  
  24  4:48  SCV  
Show
View Real Time Build Order
Export as new Build Order

keyz Terran 

Build Orders:  

Get SALT Encoding   

  12  0:01  SCV  
  13  0:13  SCV  
  14  0:20  Supply Depot  
  14  0:25  SCV  
  15  0:35  Refinery  
  15  0:47  Barracks  
  15  0:49  SCV  
  16  1:01  SCV  
  17  1:13  SCV  
  18  1:25  SCV  
  19  1:34  Marine  
  20  1:42  Command Center  
  20  1:45  Orbital Command  
  20  2:04  Barracks Reactor  
  20  2:08  Factory  
  20  2:18  Supply Depot, Refinery  
  20  2:25  SCV  
  21  2:34  Supply Depot  
  21  2:38  SCV  
  22  2:58  Barracks  
  22  3:00  Hellion x2  
  26  3:10  Barracks Tech Lab  
  26  3:24  Hellion x2  
  27  3:36  Supply Depot  
  26  4:26  Barracks Reactor  
  26  4:31  Marine  
  26  4:33  Hellion  
  26  4:34  Hellion  
  31  4:44  Orbital Command  
  31  4:46  SCV  
Show
View Real Time Build Order
Export as new Build Order

kronos Protoss 

Build Orders:  

Get SALT Encoding   

  12  0:02  Probe  
  14  0:14  Probe  
  14  0:19  Pylon  
  14  0:26  Probe  
  15  0:40  Probe  
  16  0:43  Gateway  
  16  0:52  Probe  
  17  1:02  Probe, Assimilator  
  17  1:10  Probe  
  18  1:15  Forge  
  19  1:19  Probe  
  20  1:32  Cybernetics Core, Zealot  
  22  1:38  Pylon  
  22  1:40  Probe  
  23  1:53  Photon Cannon  
  23  2:16  Nexus  
  23  2:22  Assimilator  
  23  2:23  Probe  
  24  2:38  Robotics Facility  
  24  2:41  Stalker  
  26  2:45  Probe  
  26  2:46  Warp Gate  
  27  3:00  Probe  
  27  3:01  Gateway  
  28  3:08  Probe  
  29  3:32  Stalker  
  31  3:44  Probe  
  32  3:52  Probe  
  32  3:56  Immortal  
  32  4:02  Probe  
  39  4:10  Probe  
  39  4:14  Probe, Assimilator  
  40  4:22  Probe  
  41  4:39  Probe  
  41  4:40  Robotics Bay  
  42  4:45  Assimilator  
  42  4:47  Probe  
  43  4:56  Probe  
  44  5:05  Zealot  
  46  5:10  Pylon  
Show
View Real Time Build Order
Export as new Build Order

XEVIOUS Terran 

Build Orders:  

Get SALT Encoding   

  12  0:26  SCV  
  13  0:28  Supply Depot  
  13  0:39  SCV  
  14  0:51  SCV  
  14  0:52  Barracks  
  15  0:58  Refinery  
  15  1:03  SCV  
  16  1:15  SCV  
  16  1:18  Barracks  
  17  1:27  SCV  
  18  1:36  Supply Depot  
  18  1:39  SCV  
  19  1:43  Barracks  
  19  1:51  SCV  
  19  1:52  Marine  
  21  2:03  Barracks  
  21  2:07  SCV  
  22  2:09  Marine  
  22  2:12  Marine  
  24  2:20  SCV  
  25  2:27  Marine  
  26  2:30  Marine  
  26  2:31  Barracks Tech Lab  
  27  2:38  SCV  
  28  2:45  Marine  
  28  2:49  Marine  
  30  2:52  Supply Depot, Marine  
  31  3:13  Marine x2, SCV, Marauder  
  31  3:15  Supply Depot  
  31  3:16  Marine  
  37  3:31  Marine  
  37  3:32  Marine  
  39  3:36  Marine, Marauder  
  42  3:49  Marine x2  
  42  3:54  Marine  
  45  3:58  Marauder  
  47  4:14  Supply Depot  
  47  4:15  Orbital Command  
  47  4:21  Supply Depot  
  47  4:35  Marine x3  
  47  4:36  Marauder  
  45  4:53  Marine x3  
Show
View Real Time Build Order
Export as new Build Order

MacGyver Zerg 

Build Orders: Hatch First 

Get SALT Encoding   

  12  0:01  Drone  
  13  0:10  Drone  
  14  0:22  Extractor x2, Drone  
  14  0:23  Drone  
  16  0:44  Hatchery  
  15  0:58  Spawning Pool  
  14  1:05  Overlord  
  14  1:13  Extractor  
  14  1:14  Drone  
  14  1:17  Extractor, Drone  
  15  1:23  Drone  
  16  1:27  Drone  
  17  1:38  Drone  
  18  1:47  Queen  
  18  1:48  Drone  
  21  1:56  Queen  
  21  1:59  Drone  
  24  2:03  Drone  
  24  2:07  Drone  
  26  2:10  Drone  
  27  2:16  Metabolic Boost  
  27  2:19  Drone  
  28  2:24  Overlord  
  28  2:30  Overlord  
  28  2:41  Overlord  
  28  2:43  Overlord  
  28  2:44  Overlord  
  28  2:52  Drone  
  28  2:53  Drone  
  28  2:58  Drone  
  31  2:59  Drone x2  
  31  3:00  Drone  
  34  3:06  Drone  
  34  3:10  Drone x2  
  34  3:12  Drone  
  38  3:13  Drone  
  38  3:16  Drone  
  40  3:26  Lair  
  40  3:28  Zergling x8  
  44  3:39  Zergling x4  
  46  3:44  Zergling x2  
  47  3:49  Extractor  
  47  3:51  Extractor  
  47  3:53  Drone  
  47  3:54  Extractor  
  47  3:55  Zergling x8  
  49  4:03  Drone x3  
  49  4:06  Drone  
  53  4:10  Drone  
  53  4:12  Drone  
  53  4:16  Spine Crawler  
  54  4:17  Spine Crawler  
  53  4:30  Spine Crawler  
  52  4:34  Spine Crawler  
  52  4:37  Drone  
  52  4:38  Spine Crawler  
  51  4:41  Spine Crawler  
  51  4:42  Drone, Spine Crawler  
  51  4:43  Drone x3  
  51  4:44  Drone  
  51  4:45  Drone x2  
  54  5:12  Spire  
Show
View Real Time Build Order
Export as new Build Order

mhptozz Zerg 

Build Orders: Hatch First 

Get SALT Encoding   

  12  0:02  Drone  
  13  0:09  Drone  
  14  0:19  Overlord  
  14  0:32  Extractor  
  14  0:33  Extractor, Drone  
  14  0:34  Drone  
  16  0:38  Drone  
  17  0:49  Extractor  
  16  0:56  Hatchery  
  15  1:11  Spawning Pool  
  15  1:15  Drone  
  15  1:19  Drone  
  15  1:22  Drone  
  17  1:28  Drone  
  18  1:43  Drone  
  19  1:48  Drone  
  20  1:58  Metabolic Boost  
  20  1:59  Queen  
  22  2:08  Queen  
  24  2:16  Overlord  
  24  2:25  Zergling x4  
  24  2:27  Zergling x2  
  27  2:34  Overlord  
  27  2:35  Zergling x2  
  27  2:36  Zergling x2  
  29  2:42  Zergling x4  
  31  2:54  Zergling x2  
  31  2:55  Zergling x2  
  33  3:03  Zergling x4  
  35  3:08  Zergling x6  
  38  3:15  Zergling x4  
  40  3:22  Zergling x6  
  43  3:39  Zergling x2  
  44  3:47  Overlord  
  44  3:48  Overlord  
  44  3:50  Extractor  
  44  3:53  Lair  
  44  3:54  Drone  
  44  4:15  Drone x2  
  44  4:16  Drone x6  
  50  4:35  Zergling x8  
  50  4:36  Zergling x2  
  55  4:39  Extractor x2  
  53  4:55  Drone x6  
Show
View Real Time Build Order
Export as new Build Order

jonarlo Zerg 

Build Orders: Pool First 

Get SALT Encoding   

  12  0:01  Drone  
  13  0:10  Drone  
  14  0:28  Spawning Pool  
  13  0:31  Extractor  
  13  0:33  Drone  
  13  0:38  Drone  
  14  0:45  Extractor  
  14  0:46  Drone  
  15  0:57  Overlord  
  15  1:17  Zergling x6  
  18  1:28  Zergling x2  
  19  1:33  Metabolic Boost  
  19  1:38  Queen  
  21  1:54  Baneling Nest  
  21  1:57  Zergling x2  
  21  1:58  Zergling x2  
  22  2:10  Overlord  
  22  2:30  Zergling x4  
  24  2:40  Baneling x3  
  24  2:41  Baneling x2  
  24  2:46  Baneling  
  24  2:53  Drone x3  
  27  3:11  Drone x2  
  27  3:12  Drone  
  24  3:42  Drone x2  
  24  3:49  Drone x2  
  26  3:57  Hatchery  
  26  3:59  Roach Warren  
  26  4:00  Queen  
  26  4:09  Drone x2  
  28  4:16  Drone x2  
  30  4:19  Overlord  
  30  4:45  Overlord x3  
Tags
 
Add a new tag
Caveats
  • Supply blocks, unpowered buildings, or Contaminate may cause inaccurate times.
  • Supply counts are checked every 10 seconds.